 Dungeon Crawl Stone Soup version 0.30-a0-250-g41c1d76940 (webtiles) character file.

Game seed: 15758406351721740450

9492 Iusername the Blocker (level 11, -2/102 HPs)
             Began as a Minotaur Fighter on Oct 12, 2022.
             Slain by a yak (6 damage)
             ... on level 10 of the Dungeon.
             The game lasted 00:13:50 (9851 turns).

Iusername the Blocker (Minotaur Fighter)            Turns: 9851, Time: 00:13:50

Health: -2/102     AC: 21    Str: 24 (26) XL:     11   Next: 23%
Magic:  20/20      EV:  5    Int:  7 (10) God:
Gold:   283        SH:  5    Dex:  8 (9)  Spells: 10/10 levels left

rFire   + . .      SeeInvis .    d - +7 battleaxe of the Flying Visionary {venom, rN+}
rCold   + . .      Faith    .    (shield currently unavailable)
rNeg    + . .      Spirit   .    H - +0 gold dragon scales
rPois   +          Reflect  +    b - +3 hat of Pondering {ponderous, Will+ MP+10 Int+5}
rElec   .          Harm     .    (no cloak)
rCorr   .          Rampage  .    (no gloves)
Will    +....                    (no boots)
Stlth   ..........               u - amulet of reflection
HPRegen 0.37/turn                (no ring)
MPRegen 0.17/turn                (no ring)

@: on berserk cooldown, slowed, very slow
A: horns 2, retaliatory headbutt
a: no special abilities


You were on level 10 of the Dungeon.
You visited 1 branch of the dungeon, and saw 10 of its levels.

You collected 536 gold pieces.
You spent 253 gold pieces at shops.

Inventory:

Hand Weapons
 d - the +7 battleaxe of the Flying Visionary (weapon) {venom, rN+}
   (You bought it in a shop on level 3 of the Dungeon)

   It poisons the flesh of those it strikes.
   rN:        It protects you from negative energy.
Missiles
 y - a throwing net
Armour
 b - the +3 hat of Pondering (worn) {ponderous, Will+ MP+10 Int+5}
   (You took it off Gastronok on level 9 of the Dungeon)

   Int:       It affects your intelligence (+5).
   MP:        It affects your magic capacity (+10).
   Will:      It increases your willpower.
 H - +0 gold dragon scales (worn)
Jewellery
 k - a ring of flight
 u - an amulet of reflection (around neck)
 x - a ring of positive energy
Wands
 a - a wand of digging (4)
 l - a wand of roots (23)
 z - a wand of mindburst (12)
 A - a wand of polymorph (19)
 G - a wand of flame (11) (quivered)
Scrolls
 g - a scroll of immolation {unknown}
 h - a scroll of silence {unknown}
 j - 2 scrolls of brand weapon {unknown}
 m - 3 scrolls of teleportation
 n - a scroll of blinking
 o - a scroll of identify
 p - a scroll of acquirement {unknown}
 q - 2 scrolls of fear
 r - 5 scrolls of fog
 s - a scroll of amnesia {unknown}
 v - 2 scrolls of noise {unknown}
 E - a scroll of enchant armour {unknown}
 F - 2 scrolls of poison {unknown}
Potions
 c - a potion of degeneration
 e - 3 potions of attraction
 f - a potion of flight
 B - a potion of resistance {unknown}
 C - a potion of ambrosia


   Skills:
 + Level 11.2 Fighting
 + Level 10.8 Axes
 + Level 11.2 Armour
 + Level 11.2 Shields


You had 10 spell levels left.
You didn't know any spells.
Your spell library contained the following spells:

 Spells                   Type           Power      Damage    Failure   Level
 Apportation              Tloc           0%         N/A       100%        1
 Necrotise                Necr           0%         1d4       100%        1
 Summon Small Mammal      Summ           0%         N/A       100%        1
 Static Discharge         Conj/Air       0%         2-2/arc   100%        2
 Gell's Gravitas          Tloc           0%         N/A       100%        3
 Teleport Other           Tloc           0%         N/A       100%        3
 Vhi's Electric Charge    Tloc/Air       0%         N/A       100%        3
 Arcjolt                  Conj/Air       0%         1d10      100%        5
 Lightning Bolt           Conj/Air       0%         1d11      100%        5
 Dispersal                Tloc           0%         N/A       100%        6


Dungeon Overview and Level Annotations

Branches:
Dungeon (10/15)            Temple (0/1) D:4            Lair (0/5) D:9
    Orc (0/2) D:9

Altars:
Dithmenos
Elyvilon
Fedhas
Makhleb
Uskayaw
Xom

Shops:
D:2 :   D:3 (   D:4 !   D:7 *


Innate Abilities, Weirdness & Mutations

You have a pair of horns on your head.
You reflexively headbutt those who attack you in melee.


Message History

The yak gores you but does no damage. x2
The acid dragon spits acid at you. The splash of acid misses you.
Unknown command.
You slash the acid dragon!
The acid dragon is poisoned.
Your headbutt misses the acid dragon.
The acid dragon is moderately wounded.
You slash the yak!
The yak looks as sick as possible!
You closely miss the yak. You barely miss the acid dragon.
The acid dragon is heavily wounded.
You slice the yak!!
You kill the yak!
You slice the yak!!
The yak is poisoned.
The yak barely misses you. The acid dragon barely misses you.
The acid dragon claws you but does no damage.
You slice the acid dragon!!
You kill the acid dragon!
You slash the yak!
You kill the yak!
You feel a strong urge to attack something.
You see here a yak corpse.
You feel your anger nearly subside.
You are no longer berserk.
You are exhausted.
You feel yourself slow down. The yak gores you!
* * * LOW HITPOINT WARNING * * *
You hit the yak.
The yak is poisoned.
The yak is lightly wounded.
You hit the yak.
The yak is poisoned.
The yak gores you but does no damage. The yak barely misses you.
You slice the yak!!
The yak looks as sick as possible!
You headbutt the yak!
The yak is almost dead.
You hit the yak but do no damage.
The yak looks as sick as possible!
You kill the yak!
The yak gores you.
* * * LOW HITPOINT WARNING * * *
You block the yak's attack.
You feel better. The yak gores you!
* * * LOW HITPOINT WARNING * * *
The yak gores you.
You die...

#.......)..............###...
#...............#............
##.............##).....##....
##<....#.....###......#.....
#########.....#............
#.................. #
#††...#...#........
....##Y....#.#.#.##.....
......Y@.....#...#......
....##.........##....... ...
#.....###.#..#..... ..
#.....# #...##..... Y
........###...##.....
.#................... .
##....####y...#..... #....#
#O†#....... ....# #.........(


You could see 2 yaks.

Vanquished Creatures
  Gastronok (D:9)
  Erolcha (D:10)
  A two-headed ogre (D:10)
  Pikel (D:4)
  A cyclops (D:9)
  The ghost of Sobieck the Trooper, a novice OgGl (D:3)
  2 trolls (D:9)
  A slime creature (D:9)
  A vampire (D:9)
  A shadow (D:9)
  4 yaks
  3 wyverns
  4 vampire mosquitoes (D:10)
  The ghost of NickelLess the Stinger, an amateur MfVM (D:4)
  An acid dragon (D:10)
  Duvessa (D:6)
  7 orc warriors
  A sky beast (D:8)
  3 ice beasts
  A black bear (D:7)
  3 centaurs
  3 kobold brigands
  A necrophage (D:8)
  2 bullfrogs
  4 scorpions
  5 wights (D:7)
  Dowan (D:6)
  3 killer bees (D:7)
  5 electric eels (D:9)
  7 orc priests
  3 hounds
  4 iguanas
  3 orc wizards
  3 gnolls (D:6)
  3 adders
  3 shadow imps
  2 ufetubi (D:5)
  A worm (D:4)
  A dart slug (D:4)
  44 orcs
  9 bats
  7 endoplasms
  5 giant cockroaches
  7 goblins
  11 hobgoblins
  26 kobolds
  A quokka (D:4)
  3 ball pythons
  A frilled lizard (D:1)
  5 rats
213 creatures vanquished.

Vanquished Creatures (others)
  An orc wizard (D:9)
  26 fungi
  17 plants (D:9)
44 creatures vanquished.

Grand Total: 257 creatures vanquished

Notes
Turn   | Place    | Note
-------+----------+-------------------------------------------
     0 | D:1      | Iusername the Minotaur Fighter began the quest for the Orb.
     0 | D:1      | Reached XP level 1. HP: 19/19 MP: 0/0
   202 | D:1      | Reached XP level 2. HP: 25/27 MP: 1/1
   443 | D:1      | Found a faded altar of an unknown god.
   817 | D:2      | Reached XP level 3. HP: 32/33 MP: 2/2
   845 | D:2      | You fall into a shaft and drop 1 floor!
   878 | D:3      | Found a burning altar of Makhleb.
  1210 | D:3      | Reached XP level 4. HP: 40/40 MP: 3/3
  1258 | D:3      | Found a runed translucent gate.
  1258 | D:3      | Found a runed translucent gate.
  1259 | D:3      | Found a runed translucent gate.
  1261 | D:3      | Noticed Sobieck's ghost (novice OgGl)
  1261 | D:3      | Noticed a kobold brigand
  1493 | D:3      | Found Muf Gezu's Antique Weapon Boutique.
  1685 | D:2      | Found Anym's Vocational Training.
  2165 | D:4      | Found a staircase to the Ecumenical Temple.
  2229 | D:4      | Found Casamm's Distillery.
  2305 | D:4      | Reached XP level 5. HP: 45/47 MP: 4/4
  2391 | D:4      | Reached skill level 5 in Shields
  2804 | D:4      | Noticed a lemure
  2804 | D:4      | Noticed a lemure
  2805 | D:4      | Noticed a lemure
  2805 | D:4      | Noticed Pikel
  2806 | D:4      | Noticed a lemure
  2819 | D:4      | HP: 2/47 [Pikel/+1 whip of freezing (1)]
  2820 | D:4      | Killed Pikel
  2821 | D:4      | Reached skill level 5 in Axes
  2821 | D:4      | Reached XP level 6. HP: 3/57 MP: 5/5
  2821 | D:4      | Reached XP level 7. HP: 4/63 MP: 6/6
  3279 | D:4      | Found a runed translucent gate.
  3279 | D:4      | Noticed NickelLess's ghost (amateur MfVM)
  3280 | D:4      | Found a runed translucent gate.
  3280 | D:4      | Identified the +9 hand axe of Compulsion {vorpal, +Blink
                  | Str+2 Int+4 Dex-4}
  3280 | D:4      | Identified the +3 leather armour of the Constellations
                  | {rPois Str+2 SInv}
  3283 | D:4      | Found a runed translucent gate.
  3510 | D:3      | Bought an ancient battleaxe for 253 gold pieces
  3510 | D:3      | Identified the +7 battleaxe of the Flying Visionary {venom,
                  | rN+} (You bought it in a shop on level 3 of the Dungeon)
  3608 | D:3      | Killed Sobieck's ghost
  3609 | D:3      | Reached XP level 8. HP: 17/71 MP: 7/7
  3971 | D:4      | Killed NickelLess's ghost
  4312 | D:5      | Entered Level 5 of the Dungeon
  5262 | D:6      | Noticed Dowan
  5262 | D:6      | Noticed Duvessa
  5268 | D:6      | Killed Duvessa
  5277 | D:6      | Killed Dowan
  5415 | D:6      | Reached XP level 9. HP: 69/81 MP: 8/8
  5478 | D:6      | Found a shadowy altar of Dithmenos.
  5478 | D:6      | Found a white marble altar of Elyvilon.
  5486 | D:6      | Found a faded altar of an unknown god.
  5488 | D:6      | Found a hide-covered altar of Uskayaw.
  5490 | D:6      | Found a blossoming altar of Fedhas.
  5864 | D:7      | Found Uluvudom's General Store.
  6339 | D:7      | Found a shimmering altar of Xom.
  7476 | D:9      | Noticed a cyclops
  7480 | D:9      | Noticed a troll
  7483 | D:9      | Killed a cyclops
  7484 | D:9      | Reached XP level 10. HP: 64/91 MP: 9/9
  7493 | D:9      | Noticed Gastronok
  7508 | D:9      | Killed Gastronok
  7509 | D:9      | Reached skill level 10 in Fighting
  7509 | D:9      | Reached skill level 10 in Armour
  7509 | D:9      | Reached skill level 10 in Shields
  7728 | D:9      | Found a staircase to the Lair.
  7875 | D:9      | Reached skill level 10 in Axes
  8379 | D:9      | Found a staircase to the Orcish Mines.
  9566 | D:10     | Entered Level 10 of the Dungeon
  9572 | D:10     | Noticed Erolcha
  9584 | D:10     | Killed Erolcha
  9585 | D:10     | Reached XP level 11. HP: 70/101 MP: 10/10
  9782 | D:10     | Identified the +6 short sword "Lisayjavits" {vorpal, rF+
                  | Will- SInv Stlth+}
  9808 | D:10     | Noticed a two-headed ogre
  9822 | D:10     | Killed a two-headed ogre
  9850 | D:10     | HP: 5/102 [yak (2)]
  9851 | D:10     | Slain by a yak

Illustrated notes

Levels and vault maps discovered:
D:1:      dpeg_cavernosity, layout_rooms,
          hellmonk_ecumenical_altar_leap_of_faith
D:2:      layout_rooms, nicolae_shop_vocational
D:3:      layout_basic, mainiacjoe_overflow_chevrons, serial_shops,
          nicolae_lakefront_shop, gammafunk_ghost_nasty_kobolds,
          minmay_liquid_box, minmay_diced_spiral
D:4:      layout_rooms, minmay_temple_entry_slanted, serial_shops,
          nicolae_shop_stone, biasface_ghost_orc_armoury, kennysheep_dice,
          uniq_pikel
D:5:      minmay_evil_eye, layout_rooms
D:6:      layout_loops_corners, chequers_temple_overflow_minitemple,
          uniq_duvessa
D:7:      layout_basic, mainiacjoe_overflow_tiny_flanked, serial_shops,
          nicolae_shop_crystal, minivault_27
D:8:      layout_loops_ring
D:9:      layout_loops_ring, lair_entry_dummy, erik_orc_2, minivault_20,
          st_stairs_6, serial_bayou_lagoon_a, uniq_gastronok
D:10:     layout_rooms, mainiacjoe_overflow_24_doors, laboratory, uniq_erolcha

Skill      XL: |  1  2  3  4  5  6  7  8  9 10 11 |
---------------+----------------------------------+-----
Armour         | 4 6 7 9 10 11 | 11.2
Shields        | 4 6 8 9 10 11 | 11.2
Fighting       | 4 6 7 9 10 11 | 11.2
Axes           | 3 5 6 7 9 10 | 10.8

Action                   |  1- 3 |  4- 6 |  7- 9 | 10-12 || total
-------------------------+-------+-------+-------+-------++-------
Melee: War axe           |    84 |   123 |       |       ||   207
       Headbutt          |    17 |    27 |    22 |    30 ||    96
       Battleaxe         |       |       |   136 |   140 ||   276
Evoke: Wand              |       |     1 |       |    17 ||    18
  Use: Potion            |     1 |     1 |     3 |     8 ||    13
       Scroll            |       |       |    11 |     3 ||    14
Armor: Scale mail        |    32 |    52 |    61 |       ||   145
       Gold dragon scale |       |       |     9 |    78 ||    87
Dodge: Dodged            |    29 |    41 |    60 |    40 ||   170
Block: Buckler           |    12 |    21 |       |       ||    33
       Other             |       |       |    31 |    33 ||    64
       Reflection        |       |       |       |     1 ||     1

Table legend: (Time is in decaauts)
 A = Elapsed time spent in this place.
 B = Non-inter-level travel time spent in this place.
 C = Inter-level travel time spent in this place.
 D = Time resting spent in this place.
 E = Time spent auto-exploring this place.
 F = Levels seen in this place.
 G = Mean time per level.
                   A        B        C        D        E       F      G
               +--------+--------+--------+--------+--------+-----+--------+
         Total |  10098 |   9729 |    369 |   2536 |   5687 |  10 | 1009.8 |
       Dungeon |  10098 |   9729 |    369 |   2536 |   5687 |  10 | 1009.8 |
               +--------+--------+--------+--------+--------+-----+--------+

Top non-repeatable levels by time:
     D:9: 2278 daAuts
     D:4: 1729 daAuts
     D:3: 1409 daAuts
     D:6: 1016 daAuts
     D:7: 967 daAuts
     D:1: 809 daAuts
     D:8: 725 daAuts
     D:2: 450 daAuts
     D:5: 418 daAuts
    D:10: 293 daAuts
